 Dungeon Crawl Stone Soup version 0.21.0-24-g2553a33 (webtiles) character file.

171 pstr the Digger (level 5, -6/43 HPs)
             Began as a Naga Earth Elementalist on Jan 20, 2018.
             Was a Follower of Wu Jian.
             Mangled by p0werm0de's ghost (10 damage)
             ... on level 3 of the Dungeon.
             The game lasted 00:08:36 (2823 turns).

pstr the Digger (Naga Earth Elementalist)           Turns: 2823, Time: 00:08:37

Health: -6/43      AC:  2    Str: 11    XL:     5   Next: 51%
Magic:  1/9        EV: 10    Int: 21    God:    Wu Jian [*.....]
Gold:   141        SH:  0    Dex: 11    Spells: 6/10 levels left

rFire    + + .     SeeInvis +   l - +3 dagger (speed)
rCold    . . .     Gourm    .   (no shield)
rNeg     . . .     Faith    .   c - +0 robe
rPois    +         Spirit   .   (no helmet)
rElec    +         Reflect  .   (no cloak)
rCorr    +         Harm     .   (no gloves)
MR       .....                  (no barding)
Stlth    ++........             (no amulet)
HPRegen  0.14/turn              o - ring of fire
MPRegen  0.11/turn              (no ring)

@: brilliant, resistant, very slow
A: large, see invisible, deformed body, poison resistance, slowness 2, slow
metabolism 1, spit poison 1, AC +1
a: Spit Poison, Renounce Religion


You were on level 3 of the Dungeon.
You worshipped Wu Jian.
Wu Jian was aware of your devotion.
You were near starving.

You visited 1 branch of the dungeon, and saw 4 of its levels.

You collected 141 gold pieces.

Inventory:

Hand Weapons
 l - a +3 dagger of speed (weapon)
Missiles
 m - 31 arrows
Armour
 c - a +0 robe (worn)
 h - a +0 leather armour
 u - a +0 helmet
Jewellery
 o - a ring of fire (left hand)
Wands
 t - a wand of scattershot (5)
Scrolls
 f - 3 scrolls of magic mapping
 k - a scroll of identify
 n - a scroll of amnesia
 q - a scroll of teleportation
Potions
 i - a potion of brilliance
Books
 e - a book of Geomancy

   Spells                             Type                      Level
   a - Sandblast                      Earth                        1
   b - Passwall                       Transmutation/Earth          2
   c - Stone Arrow                    Conjuration/Earth            3
   d - Petrify                        Transmutation/Earth          4
   e - Lee's Rapid Deconstruction     Earth                        5
Comestibles
 d - 8 rations


   Skills:
 + Level 0.9 Fighting
 + Level 0.9 Short Blades
 + Level 2.1 Dodging
 + Level 3.6 Stealth
 + Level 3.2 Spellcasting
 + Level 1.0 Conjurations
   Level 1.0 Transmutations
 + Level 4.1 Earth Magic


You had 6 spell levels left.
You knew the following spells:

 Your Spells              Type           Power        Failure   Level  Hunger
a - Sandblast             Erth           ####..       1%          1    None
b - Stone Arrow           Conj/Erth      ####..       1%          3    ###....


Dungeon Overview and Level Annotations

Branches:
Dungeon (4/15)
 Temple: D:4-7

Altars:
Uskayaw
Wu Jian
The Shining One

Annotations:
D:3 p0werm0de's ghost, amateur HuCK


Innate Abilities, Weirdness & Mutations

You cannot wear boots.
Your serpentine skin is tough. (AC +1)
You have supernaturally acute eyesight. (SInv)
Armour fits poorly on your strangely shaped body.
Your system is resistant to poisons. (rPois)
You cover ground very slowly.
You have a slow metabolism.
You can spit poison.


Message History

You hit p0werm0de's ghost but do no damage.
P0werm0de's ghost is heavily damaged.
P0werm0de's ghost barely misses you.
You barely miss p0werm0de's ghost.
P0werm0de's ghost is heavily damaged.
You feel less wooden.
Your +0 robe unmelds from your body.
You barely miss p0werm0de's ghost.
P0werm0de's ghost is heavily damaged.
P0werm0de's ghost hits you.
* * * LOW HITPOINT WARNING * * *
P0werm0de's ghost barely misses you.
Casting: Sandblast
Confirm with . or Enter, or press ? or * to list all spells.
Aiming: Sandblast
Press: ? - help, Shift-Dir - straight line, f/p - p0werm0de's ghost
Aim: p0werm0de's ghost (heavily damaged)
You don't have any stones to cast with.
P0werm0de's ghost hits you!
You die...

#####...####.#
#.#.#,**,,,,,,
####.......####.#
#.#...*,,,***,
#.....###)...##)#
#......,,>,,,,
#.[8..._...8.##.#
##.,.....,*,*,
#......).....##.#
*.......,,,,,
#..8...)...8.##.#
*..,....,,,**
#.)..........##g#
*,,,,,,,**,*
#..8.......8.##W#
*,,,,,,,**,*
#............##@#
*,,,,,,,**,*
#.########.####.#
**,*,*,***,*
#..........# #.#
*,*,,,,,,,**
##########.####.#
*,***,,,,,,, #.##...#
*,* ****,,**
#.##...### *,* ****,,*
#........###.* *,,,,,*
#............***,***,*
#........##..,,,,,,,,*


You could see p0werm0de's ghost and a gnoll.

Vanquished Creatures
  A bullfrog skeleton (D:4)
  Ijyb (D:3)
  2 gnolls (D:3)
  4 adders
  An ooze (D:1)
  2 dart slugs (D:1)
  5 leopard geckos
  An orc (D:3)
  4 giant cockroaches
  8 goblins
  4 hobgoblins
  2 quokkas (D:2)
  2 ball pythons
  2 bats (D:2)
  4 frilled lizards
  8 kobolds
  A rat (D:1)
52 creatures vanquished.

Notes
Turn   | Place    | Note
-------+----------+-------------------------------------------
     0 | D:1      | pstr the Naga Earth Elementalist began the quest for the Orb.
     0 | D:1      | Reached XP level 1. HP: 15/15 MP: 3/3
   135 | D:1      | Reached XP level 2. HP: 22/22 MP: 1/5
   691 | D:1      | Reached XP level 3. HP: 25/28 MP: 2/6
   999 | D:2      | Learned a level 3 spell: Stone Arrow
  1060 | D:2      | Found a faded altar of an unknown god.
  1645 | D:2      | Became a worshipper of the Wu Jian Council
  1645 | D:2      | Reached * piety under Wu Jian
  1659 | D:2      | Reached XP level 4. HP: 31/36 MP: 1/8
  2052 | D:2      | You fall through a shaft!
  2055 | D:3      | Found a hide-covered altar of Uskayaw.
  2191 | D:3      | Noticed Ijyb
  2206 | D:3      | Killed Ijyb
  2206 | D:3      | Reached skill level 4 in Earth Magic
  2552 | D:4      | Reached XP level 5. HP: 29/43 MP: 2/9
  2763 | D:3      | Found a glowing golden altar of the Shining One.
  2766 | D:3      | Noticed p0werm0de's ghost (amateur HuCK)
  2786 | D:3      | Reached skill level 1 in Conjurations
  2823 | D:3      | Mangled by p0werm0de's ghost

Skill      XL: |  1  2  3  4  5 |
---------------+----------------+-----
Spellcasting   | 3 |  3.2
Earth Magic    | 4 |  4.1
Dodging        | 2 |  2.1
Conjurations   | 1 |  1.0
Fighting       | |  0.9
Short Blades   | |  0.9
Stealth        | |  3.6
Transmutations | |  1.0

Action                   |  1- 3 |  4- 6 || total
-------------------------+-------+-------++-------
Melee: Dagger            |    30 |    68 ||    98
 Cast: Sandblast         |    30 |     2 ||    32
       Stone Arrow       |     7 |    22 ||    29
Invok: Whirlwind         |       |     7 ||     7
       Lunge             |       |     1 ||     1
 Abil: Spit Poison       |     5 |    15 ||    20
  Use: Potion            |       |     6 ||     6
       Scroll            |       |     4 ||     4
  Eat: Chunk             |     2 |     6 ||     8
Armor: Robe              |     4 |     6 ||    10
       Skin              |       |    16 ||    16
Dodge: Dodged            |    18 |    31 ||    49
